 Dungeon Crawl Stone Soup version 0.28-a0-984-g3775c662fe (webtiles) character file.

Game seed: 4498406546978426279

201 voltaire321 the Magician (level 5, -14/29 HPs)
             Began as a Deep Elf Earth Elementalist on Dec 4, 2021.
             Demolished by a mummy (18 damage)
             ... in an ossuary.
             The game lasted 00:12:00 (3085 turns).

voltaire321 the Magician (DEEE)                     Turns: 3085, Time: 00:12:01

Health: -14/29     AC:  2    Str:  7    XL:     5   Next: 50%
Magic:  7/12       EV: 21    Int: 20    God:
Gold:   60         SH:  0    Dex: 17    Spells: 5/11 levels left

rFire   . . .      SeeInvis .   g - +2 whip (holy)
rCold   . . .      Faith    .   (no shield)
rNeg    . . .      Spirit   .   b - +0 robe
rPois   .          Reflect  .   (no helmet)
rElec   .          Harm     .   (no cloak)
rCorr   .          Rampage  .   (no gloves)
Will    +....                   (no boots)
Stlth   ++++......              (no amulet)
HPRegen 0.09/turn               d - +4 ring of evasion
MPRegen 0.13/turn               l - ring of Zajoluom {+Blink Will+ EV+4 Dex+2 Stlth+}

@: marked
A: no striking features
a: Evoke Blink


You were in an ossuary.
You visited 1 branch of the dungeon, and saw 4 of its levels.
You also visited: Ossuary.

You collected 180 gold pieces.
You spent 120 gold pieces at shops.

Inventory:

Hand Weapons
 g - a +2 whip of holy wrath (weapon)
 k - a +1 short sword of protection
Missiles
 c - 102 stones
Armour
 b - a +0 robe (worn)
Jewellery
 d - a +4 ring of evasion (left hand)
 h - a ring of protection from fire
 i - a +6 ring of intelligence
 l - the ring of Zajoluom (right hand) {+Blink Will+ EV+4 Dex+2 Stlth+}
   (You bought it in a shop on level 3 of the Dungeon)

   [ring of evasion]

   EV:        It affects your evasion (+4).
   Dex:       It affects your dexterity (+2).
   +Blink:    It lets you blink.
   Will:      It increases your willpower.
   Stlth:     It makes you more stealthy.
Scrolls
 a - a scroll of teleportation {unknown}
 j - a scroll of fear {unknown}
 m - 2 scrolls of enchant weapon {unknown}
Potions
 e - a potion of lignification {unknown}
 f - a potion of haste {unknown}


   Skills:
 + Level 1.4 Fighting
 + Level 3.5 Dodging
 + Level 3.5 Stealth
 + Level 1.1 Unarmed Combat
 + Level 3.9 Spellcasting
 + Level 0.8 Conjurations
 + Level 2.3 Transmutations
 + Level 3.9 Earth Magic
 + Level 0.3 Evocations


You had 5 spell levels left.
You knew the following spells:

 Your Spells              Type           Power      Damage    Failure   Level
a - Sandblast             Erth           38%        2d10      2%          1
b - Passwall              Tmut/Erth      13%        N/A       5%          2
c - Stone Arrow           Conj/Erth      26%        3d8       14%         3

Your spell library contained the following spells:

 Spells                   Type           Power      Damage    Failure   Level
 Poisonous Vapours        Pois/Air       6%         N/A       21%         2
 Dazzling Flash           Conj/Hex       10%        N/A       32%         3
 Petrify                  Tmut/Erth      16%        N/A       34%         4
 Iskenderun's Mystic Bla  Conj/Tloc      5%         2d3       73%         4
 Airstrike                Air            1%         N/A       78%         4
 Conjure Ball Lightning   Conj/Air       2%         3x3d6     100%        6
 Starburst                Conj/Fire      2%         6d3       100%        6
 Maxwell's Capacitive Co  Air            1%         ∞         100%        8


Dungeon Overview and Level Annotations

Branches:
Dungeon (4/15)            Ossuary (1/1)
 Temple: D:4-7

Altars:

Shops:
D:2 :   D:3 *


Message History

The blast of sand hits the mummy.
The mummy is lightly damaged.
Casting: Sandblast (safe; 2% risk of failure)
Confirm with . or Enter, or press ? or * to list all spells.
Aiming: Sandblast (safe; 2% risk of failure)
Press: ? - help, Shift-Dir - straight line, f/p - mummy
Aim: a mummy (lightly damaged, 90% to hit)
The blast of sand misses the mummy.
The blast of sand hits the mummy but does no damage.
You hit the mummy.
The mummy convulses.
The mummy is moderately damaged.
You hit the mummy but do no damage.
The mummy is moderately damaged.
The mummy hits you!
You barely miss the mummy.
The mummy is moderately damaged.
You hit the mummy but do no damage.
The mummy is moderately damaged.
The mummy hits you!
Ouch! That really hurt!
* * * LOW HITPOINT WARNING * * *
There is an empty arch of ancient stone here.
There is a gate leading back out of this place here.
Casting: Sandblast (safe; 2% risk of failure)
Confirm with . or Enter, or press ? or * to list all spells.
Aiming: Sandblast (safe; 2% risk of failure)
Press: ? - help, Shift-Dir - straight line, f/p - mummy
Aim: a mummy (moderately damaged, 90% to hit)
The blast of sand hits the mummy.
The mummy is heavily damaged.
Casting: Sandblast (safe; 2% risk of failure)
Confirm with . or Enter, or press ? or * to list all spells.
Aiming: Sandblast (safe; 2% risk of failure)
Press: ? - help, Shift-Dir - straight line, f/p - mummy
Aim: a mummy (heavily damaged, 90% to hit)
The blast of sand hits the mummy.
The mummy is severely damaged.
The mummy hits you!!
Ouch! That really hurt!
You die...

..⌠..
.....
...
...
#'#
#.#
##M##
#.M.#
#.@.#
#####


You could see 2 mummies.

Vanquished Creatures
  An orc priest (D:3)
  2 mummies
  2 hound skeletons
  2 adders
  A gnoll (D:1)
  A worm (D:3)
  A dart slug (D:3)
  12 orcs (D:3)
  7 bats
  7 endoplasms
  3 giant cockroaches
  4 hobgoblins
  11 kobolds
  3 quokkas
  5 ball pythons
  2 frilled lizards (D:3)
  8 goblins
  A rat (D:3)
73 creatures vanquished.

Vanquished Creatures (others)
  7 plants (D:3)
7 creatures vanquished.

Grand Total: 80 creatures vanquished

Notes
Turn   | Place    | Note
-------+----------+-------------------------------------------
     0 | D:1      | voltaire321 the Deep Elf Earth Elementalist began the quest
                  | for the Orb.
     0 | D:1      | Reached XP level 1. HP: 10/10 MP: 6/6
   170 | D:1      | Found a faded altar of an unknown god.
   181 | D:1      | Reached XP level 2. HP: 15/15 MP: 5/8
   252 | D:1      | Learned a level 2 spell: Passwall
   266 | D:1      | Got the Tome of Cloudy Conjuration
   537 | D:1      | Reached XP level 3. HP: 20/20 MP: 7/9
  1036 | D:2      | Reached skill level 1 in Fighting
  1036 | D:2      | Reached XP level 4. HP: 10/25 MP: 1/11
  1368 | D:2      | Found Kyumm's Book Emporium.
  1463 | D:2      | Learned a level 3 spell: Stone Arrow
  1561 | D:3      | Reached skill level 1 in Unarmed Combat
  1862 | D:3      | HP: 1/25 [orc (6)]
  2361 | D:3      | Reached XP level 5. HP: 29/29 MP: 4/12
  2797 | D:3      | Found Voset's Assorted Antiques.
  2805 | D:3      | Bought a shimmering lead ring for 120 gold pieces
  2805 | D:3      | Identified the ring of Zajoluom {+Blink Will+ EV+4 Dex+2
                  | Stlth+} (You bought it in a shop on level 3 of the Dungeon)
  3036 | D:4      | Found a sand-covered staircase.
  3052 | Ossuary  | Entered an ossuary
  3085 | Ossuary  | Demolished by a mummy

Illustrated notes

Levels and vault maps discovered:
D:1:      evilmike_arrival_crescent, layout_basic,
          hellmonk_ecumenical_altar_leap_of_faith
D:2:      layout_rooms, serial_shops, nicolae_shop_hallway_stairs, minivault_23,
          lightli_corner_chamber
D:3:      layout_loops_ring, serial_shops, shop, lexackson_kobold_supper
D:4:      layout_cave_pools, vehumet_statue, minmay_temple_entry_gardened_gates,
          serial_shops, nicolae_take_the_stairs, shop, kennysheep_mini_moat,
          shop_fountains, nicolae_shop_bloodbath_and_beyond,
          gup_ossuary_entry_pyramid, st_stairs_14, kennysheep_orc_chapel
Ossuary:  ossuary_crypta

Skill      XL: |  1  2  3  4 |
---------------+-------------+-----
Dodging        | 3 |  3.5
Fighting       | 1 |  1.4
Stealth        | 3 |  3.5
Transmutations | 2 |  2.3
Unarmed Combat | 1 |  1.1
Spellcasting   | |  3.9
Conjurations   | |  0.8
Earth Magic    | |  3.9
Evocations     | |  0.3

Action                   |  1- 3 |  4- 6 || total
-------------------------+-------+-------++-------
Melee: Dagger            |    38 |       ||    38
       Unarmed           |     1 |       ||     1
       Whip              |       |    54 ||    54
       Short sword       |       |    41 ||    41
 Cast: Sandblast         |    40 |    39 ||    79
  Use: Scroll            |     1 |     2 ||     3
 Stab: Sleeping          |     1 |     3 ||     4
Armor: Robe              |     6 |    14 ||    20
Dodge: Dodged            |    42 |    69 ||   111

Table legend: (Time is in decaauts)
 A = Elapsed time spent in this place.
 B = Non-inter-level travel time spent in this place.
 C = Inter-level travel time spent in this place.
 D = Time resting spent in this place.
 E = Time spent auto-exploring this place.
 F = Levels seen in this place.
 G = Mean time per level.
                   A        B        C        D        E       F      G
               +--------+--------+--------+--------+--------+-----+--------+
         Total |   3090 |   3013 |     77 |   1015 |   1350 |   5 |  618.0 |
       Dungeon |   3056 |   2979 |     77 |    997 |   1350 |   4 |  764.0 |
       Ossuary |     33 |     33 |      0 |     18 |      0 |   1 |   33.0 |
               +--------+--------+--------+--------+--------+-----+--------+

Top non-repeatable levels by time:
     D:3: 1448 daAuts
     D:2: 913 daAuts
     D:1: 642 daAuts
     D:4: 51 daAuts
 Ossuary: 33 daAuts
